AoeStats
← gerole

Arabia

509546544Analyzed
3v3 RM · 5d ago on Sep 27, 2026· 58m 48s· 6 players
Game mode
Random Map
Map size
Normal (6 player)
Population
200
Speed
Normal
Resources
Standard
Victory
Conquest
Starting age
Dark Age
Ending age
Imperial Age
RankedLock teamsTeams togetherTeam positionsShared explorationLock speedFull tech treeHidden civsTurbo modeCheats
Victory
Defeat
🇨🇳 Huns · China
539
+14
🇨🇳 Italians · China
529
+15
🇪🇸 Khmer · Spain
385
+20
🇲🇽 Sicilians · Mexico
513
-17
🇺🇸 Romans · United States
490
-16
🇲🇽 Jurchens · Mexico
479
-16
maueg2809
13:37 Feudal Age
15:03 Wheelbarrow
14:52 Double-Bit Axe
15:08 Horse Collar
16:56 Gold Mining
17:41 Arson
18:51 Stone Mining
23:43 Forging
23:34 Scale Mail Armor
23:36 Padded Archer Armor
23:26 Fletching
27:21 Castle Age
28:38 Iron Casting
28:19 Chain Mail Armor
28:22 Leather Archer Armor
27:47 Pikeman
29:51 Hand Cart
29:42 Heavy Plow
29:57 Bow Saw
30:26 Stone Shaft Mining
30:42 Gold Shaft Mining
31:37 Squires
31:22 Gambesons
36:02 First Crusade
38:10 Bodkin Arrow
42:28 Imperial Age
42:34 Elite Serjeant
43:35 Hauberk
45:22 Ballistics
46:07 Chemistry
47:21 Blast Furnace
46:52 Plate Mail Armor
46:23 Bracer
46:30 Scale Barding Armor
48:46 Arrowslits
49:20 Capped Ram
53:05 Onager
58:02 Chain Barding Armor
el_tono
11:56 Feudal Age
22:08 Castle Age
35:01 Imperial Age
35:06 Double-Bit Axe
35:12 Horse Collar
35:36 Gold Mining
43:27 Scale Barding Armor
43:33 Forging
43:25 Scale Mail Armor
43:27 Padded Archer Armor
43:19 Fletching
53:51 Chain Barding Armor
54:07 Iron Casting
54:02 Chain Mail Armor
54:05 Bodkin Arrow
54:28 Leather Archer Armor
53:41 Elite Fire Lancer
54:14 Elite Steppe Lancer
56:03 Plate Barding Armor
57:58 Heavy Cavalry Archer
gerole
12:16 Feudal Age
12:54 Horse Collar
13:01 Double-Bit Axe
17:19 Forging
17:59 Scale Mail Armor
20:52 Castle Age
24:03 Man-at-Arms
27:20 Iron Casting
32:21 Bow Saw
33:07 Long Swordsman
35:01 Wheelbarrow
34:39 Gold Mining
35:00 Heavy Plow
39:28 Gold Shaft Mining
38:45 Stone Mining
39:14 Chain Mail Armor
54:27 Imperial Age
52:19 Ballistas
55:25 Heavy Scorpion
55:28 Legionary
ruben92_7
11:09 Feudal Age
12:41 Wheelbarrow
22:24 Castle Age
30:12 Imperial Age
33:33 Hand Cart
36:11 Elite Ballista Elephant
47:59 Double Crossbow
604569544
2:43 Loom
16:21 Feudal Age
20:55 Castle Age
23:28 Town Watch
30:00 Imperial Age
28:12 Horse Collar
28:30 Double-Bit Axe
30:28 Stone Mining
34:10 Chemistry
33:21 Fortified Wall
33:23 Masonry
33:09 Murder Holes
35:21 Heavy Plow
36:34 Gold Mining
40:40 Silk Road
40:41 Conscription
40:32 Pirotechnia
41:59 Wheelbarrow
41:24 Town Patrol
42:54 Padded Archer Armor
42:45 Fletching
42:36 Elite Skirmisher
44:13 Thumb Ring
45:39 Hoardings
46:50 Bow Saw
47:35 Crop Rotation
48:58 Bodkin Arrow
49:19 Leather Archer Armor
49:15 Forging
49:10 Scale Barding Armor
48:30 Light Cavalry
49:21 Bloodlines
49:11 Husbandry
49:51 Stone Shaft Mining
49:19 Hussar
50:22 Bracer
54:47 Caravan
59:45 Ring Archer Armor
1532068552
11:25 Feudal Age
13:58 Wheelbarrow
13:12 Double-Bit Axe
13:10 Horse Collar
16:46 Bloodlines
19:22 Castle Age
18:13 Forging
20:14 Scale Barding Armor
24:47 Hand Cart
25:23 Heavy Plow
25:36 Bow Saw
27:29 Stone Mining
27:30 Gold Mining
30:37 Gold Shaft Mining
31:16 Husbandry
30:38 Light Cavalry
33:57 Marauders
34:07 Thumb Ring
36:45 Imperial Age
34:01 Loom
34:03 Town Watch
35:10 Iron Casting
34:57 Chain Barding Armor
34:28 Fletching
34:38 Padded Archer Armor
34:39 Scale Mail Armor
36:56 Capped Ram
40:00 Two-Man Saw
39:11 Heavy Cavalry Archer
41:05 Parthian Tactics
42:19 Blast Furnace
41:16 Bodkin Arrow
41:37 Chain Mail Armor
47:27 Caravan
48:06 Conscription
48:07 Atheism
48:30 Plate Barding Armor
49:28 Elite Tarkan
Connection lost

Rejoining the realm…

Still unreachable

The connection could not be restored.

Session expired

The server has moved on; the page needs a fresh start.